 Dungeon Crawl Stone Soup version 0.31-a0-222-gefeffbb62a (webtiles) character file.

Game seed: 8073394075902263587

1591 avis the Cleaver (level 8, -2/66 HPs)
             Began as a Hill Orc Fighter on July 6, 2023.
             Slain by a troll (10 damage)
             ... on level 5 of the Dungeon.
             The game lasted 00:24:39 (4716 turns).

avis the Cleaver (Hill Orc Fighter)                 Turns: 4716, Time: 00:24:39

Health: -2/66      AC: 15    Str: 21    XL:     8   Next: 93%
Magic:  9/9        EV:  6    Int:  8    God:
Gold:   136        SH:  4    Dex: 10    Spells: 7/9 levels left

rFire   . . .        a - +0 war axe
rCold   . . .        c - +0 buckler
rNeg    . . .        w - +0 plate armour
rPois   .            p - +1 hat
rElec   .            (no cloak)
rCorr   .            z - +0 pair of gloves
SInv    .            k - +0 pair of boots
Will    .....        (no amulet) Stlth
                     (no ring)
HPRegen 0.31/turn    (no ring)
MPRegen 0.11/turn

%: no passive effects
@: no status effects
A: no striking features
a: no special abilities


You were on level 5 of the Dungeon.
You visited 1 branch of the dungeon, and saw 5 of its levels.

You collected 194 gold pieces.
You spent 58 gold pieces at shops.

Inventory:

Hand Weapons
 a - a +0 war axe (weapon)
 b - a +0 sling
 m - a +0 spear
 r - a +1 mace of holy wrath
 v - the +4 dagger "Otatwiq" {heavy, Drain rElec rC+ Int+4}
   (You found it on level 2 of the Dungeon)

   Int:       It affects your intelligence (+4).
   rC:        It protects you from cold.
   rElec:     It insulates you from electricity.
   Drain:     It drains your maximum health when unequipped.
 D - a +0 shortbow
 Q - a +3 antimagic rapier
 T - a +0 whip of freezing
Missiles
 C - 12 poisoned darts
 I - 2 boomerangs
Armour
 c - a +0 buckler (worn)
 k - a +0 pair of boots (worn)
 p - a +1 hat (worn)
 u - a +0 scale mail
 w - a +0 plate armour (worn)
 z - a +0 pair of gloves (worn)
 R - a +2 leather armour of fire resistance
Jewellery
 x - a ring of protection from cold
 y - a ring of willpower
 K - a ring of flight
 S - a ring of protection from cold
Wands
 d - a wand of flame (13)
 J - a wand of acid (9)
Scrolls
 e - 2 scrolls of fear {unknown}
 f - 5 scrolls of identify {unknown}
 i - 3 scrolls of enchant armour {unknown}
 n - 2 scrolls of immolation {unknown}
 o - a scroll of acquirement {unknown}
 t - 2 scrolls of teleportation {unknown}
 A - a scroll of amnesia {unknown}
 E - a scroll of revelation {unknown}
 G - a scroll of poison {unknown}
 L - a scroll of vulnerability {unknown}
 N - a scroll of torment {unknown}
 O - a scroll of enchant weapon {unknown}
Potions
 g - a potion of resistance {unknown}
 h - 3 potions of heal wounds {unknown}
 j - 3 potions of haste {unknown}
 l - a potion of enlightenment {unknown}
 q - 5 potions of curing {unknown}
 s - 2 potions of lignification {unknown}
 B - 2 potions of ambrosia {unknown}
 F - 2 potions of magic {unknown}
 H - 2 potions of berserk rage {unknown}
 M - a potion of degeneration {unknown}
 P - a potion of attraction {unknown}


   Skills:
 - Level 4.0 Fighting
 * Level 13.3 Axes
 - Level 4.0 Armour
 - Level 4.0 Shields
 - Level 1.0 Spellcasting
 - Level 1.0 Transmutations


You had 7 spell levels left.
You knew the following spells:

 Your Spells              Type           Power      Damage    Failure   Level
b - Wereblood             Tmut           2%         N/A       100%        2

Your spell library contained the following spells:

 Spells                   Type           Power      Damage    Failure   Level
 Beastly Appendage        Tmut           4%         N/A       100%        1
 Freeze                   Ice            0%         1d3       100%        1
 Cigotuvi's Dreadful Rot  Necr/Pois/Air  0%         N/A       100%        2
 Dazzling Flash           Conj/Hex       0%         N/A       100%        3
 Frozen Ramparts          Ice            0%         1d1       100%        3
 Hailstorm                Conj/Ice       0%         3d3       100%        3
 Ignite Poison            Fire/Tmut/Pois 0%         N/A       100%        3
 Spider Form              Tmut/Pois      1%         N/A       100%        3
 Volatile Blastmotes      Fire/Tloc      0%         2d10      100%        3
 Ice Form                 Ice/Tmut       1%         N/A       100%        4
 Iskenderun's Mystic Bla  Conj/Tloc      0%         2d3       100%        4
 Summon Ice Beast         Ice/Summ       0%         N/A       100%        4
 Freezing Cloud           Conj/Ice/Air   0%         6-21      100%        5
 Starburst                Conj/Fire      0%         6d3       100%        6


Dungeon Overview and Level Annotations

Branches:
Dungeon (5/15)
 Temple: D:4-7

Altars:
Yredelemnul
The Shining One

Shops:
D:3 [


Message History

The troll completely misses you. The troll claws you but does no damage.
You block the troll's attack.
You hit the troll.
The troll is moderately wounded.
You completely miss the troll.
The troll is moderately wounded.
The troll bites you but does no damage. The troll claws you but does no damage.
The troll claws you.
You hit the troll.
The troll is moderately wounded.
The troll bites you. The troll claws you. The troll barely misses you.
You hit the troll but do no damage.
The troll is moderately wounded.
The troll bites you!
The troll claws you but does no damage. x2
You barely miss the troll.
The troll is moderately wounded.
The troll closely misses you. The troll claws you.
The troll closely misses you.
You hit the troll.
The troll is moderately wounded.
The troll bites you but does no damage. The troll claws you. x2
You slash the troll!
The troll is heavily wounded.
You closely miss the troll.
The troll is heavily wounded.
The troll bites you!
* * * LOW HITPOINT WARNING * * *
The troll claws you.
* * * LOW HITPOINT WARNING * * *
The troll claws you.
* * * LOW HITPOINT WARNING * * *
You slash the troll!
The troll is almost dead.
The troll bites you but does no damage. The troll claws you.
* * * LOW HITPOINT WARNING * * *
The troll claws you but does no damage.
You closely miss the troll.
The troll is almost dead.
The troll bites you but does no damage. The troll claws you!
You die...

######## #########
#......# #.......#
#.####.# #.#####.#
###.####.# ##.#####.#
#.....##.###.....##.#
#.#.#(....T@..##.##.#
#.#.####.####.##.##.#
#T#......# #..<....#
#.######## ####.####
#.# ####.### #####.#
#......# #.T...#
#.##.#.# #.#####
#.##...# ##.######
#.####.#


You could see a troll.

Vanquished Creatures
  Pikel (D:4)
  Grinder (D:5)
  A wyvern (D:4)
  Eustachio (D:5)
  A human (D:3)
  A sky beast (D:4)
  An ice beast (D:5)
  An ogre (D:5)
  2 lemures (D:4)
  A human zombie (D:3)
  A hound (D:5)
  A jelly (D:4)
  8 adders
  4 worms (D:2)
  3 dart slugs
  3 orcs (D:3)
  7 ball pythons
  2 bats
  7 endoplasms
  6 giant cockroaches
  6 goblins
  7 hobgoblins
  3 jackals (D:1)
  15 kobolds
  3 quokkas
  4 frilled lizards
  A goblin zombie (D:3)
  A jackal zombie (D:3)
  2 rats
95 creatures vanquished.

Notes
Turn   | Place    | Note
-------+----------+-------------------------------------------
     0 | D:1      | avis the Hill Orc Fighter began the quest for the Orb.
     0 | D:1      | Reached XP level 1. HP: 19/19 MP: 1/1
    26 | D:1      | Reached skill level 3 in Axes
    31 | D:1      | Found a faded altar of an unknown god.
   160 | D:1      | Reached XP level 2. HP: 26/26 MP: 2/2
   201 | D:1      | Reached skill level 4 in Axes
   422 | D:1      | Reached XP level 3. HP: 26/31 MP: 3/3
   977 | D:2      | Reached skill level 5 in Axes
  1034 | D:1      | Learned a level 2 spell: Wereblood
  1119 | D:2      | Reached XP level 4. HP: 36/40 MP: 4/4
  1159 | D:2      | Identified the +4 dagger "Otatwiq" {heavy, Drain rElec rC+
                  | Int+4}
  1848 | D:3      | Reached skill level 6 in Axes
  1865 | D:3      | Found Nuedd's Armour Emporium.
  1871 | D:3      | Bought a +0 pair of gloves for 58 gold pieces
  2030 | D:3      | Found a runed translucent door.
  2030 | D:3      | Noticed a human
  2037 | D:3      | Found a basalt altar of Yredelemnul.
  2059 | D:3      | Reached XP level 5. HP: 26/46 MP: 5/5
  2234 | D:3      | Found a glowing golden altar of the Shining One.
  2876 | D:3      | Killed a human
  2877 | D:3      | Reached skill level 8 in Axes
  2877 | D:3      | Reached XP level 6. HP: 45/52 MP: 6/6
  3103 | D:4      | Noticed a sky beast
  3103 | D:4      | Noticed a wyvern
  3111 | D:4      | Killed a wyvern
  3112 | D:4      | Reached XP level 7. HP: 27/59 MP: 7/7
  3117 | D:4      | Reached skill level 9 in Axes
  4071 | D:5      | Entered Level 5 of the Dungeon
  4175 | D:5      | Noticed Grinder
  4175 | D:5      | Paralysed by Grinder for 3 turns
  4188 | D:5      | Killed Grinder
  4189 | D:5      | Reached skill level 10 in Axes
  4189 | D:5      | Reached skill level 1 in Spellcasting
  4220 | D:5      | Reached XP level 8. HP: 66/66 MP: 9/9
  4239 | D:5      | Noticed Eustachio
  4280 | D:5      | Killed Eustachio
  4281 | D:5      | Reached skill level 11 in Axes
  4281 | D:5      | Reached skill level 1 in Transmutations
  4308 | D:5      | Noticed Pikel
  4399 | D:4      | Killed Pikel
  4400 | D:4      | Reached skill level 13 in Axes
  4671 | D:5      | Noticed a troll
  4716 | D:5      | Slain by a troll

Illustrated notes

Levels and vault maps discovered:
D:1:      matt_arrival_spirals, layout_rooms, serial_curves, eino_curves_04,
          eino_curves_03, eino_curves_03, ebering_ecumenical_altar_sacrificial
D:2:      layout_basic
D:3:      kennysheep_six_static_rooms, layout_loops_ring, dk_yredelemnul_ordeal,
          nicolae_tso_swordbearing_angel, serial_shops, shop_statue,
          kennysheep_nondescript, grunt_ministairs_11, minmay_misc_feat_doors,
          dk_noncrumbling_3
D:4:      layout_basic, hangedman_glass_teeth, kennysheep_another_room
D:5:      layout_loops_cross, makhleb_grotto_becter, lemuel_doored_altar,
          minmay_temple_entry_drinking_statues, uniq_grinder, uniq_eustachio,
          uniq_pikel

Skill      XL: |  1  2  3  4  5  6  7  8 |
---------------+-------------------------+-----
Axes           | 3 4 5 6 8 10 13 | 13.3
Fighting       | 4 |  4.0
Armour         | 4 |  4.0
Shields        | 4 |  4.0
Spellcasting   | 1 |  1.0
Transmutations | 1 |  1.0

Action                     |  1- 3 |  4- 6 |  7- 9 || total
---------------------------+-------+-------+-------++-------
  Melee: War axe           |   121 |   128 |    95 ||   344
   Fire: Sling             |     3 |    31 |    27 ||    61
  Evoke: Wand              |       |       |     6 ||     6
    Use: Potion            |       |     1 |     1 ||     2
 Armour: Scale mail        |    71 |     8 |       ||    79
         Plate armour      |       |    74 |    62 ||   136
  Dodge: Dodged            |    53 |    37 |    34 ||   124
  Block: Buckler           |    16 |    24 |    16 ||    56

Table legend: (Time is in decaauts)
 A = Elapsed time spent in this place.
 B = Non-inter-level travel time spent in this place.
 C = Inter-level travel time spent in this place.
 D = Time resting spent in this place.
 E = Time spent auto-exploring this place.
 F = Levels seen in this place.
 G = Mean time per level.
                   A        B        C        D        E       F      G
               +--------+--------+--------+--------+--------+-----+--------+
         Total |   4803 |   4265 |    538 |    602 |   2143 |   5 |  960.6 |
       Dungeon |   4803 |   4265 |    538 |    602 |   2143 |   5 |  960.6 |
               +--------+--------+--------+--------+--------+-----+--------+

Top non-repeatable levels by time:
     D:3: 1297 daAuts
     D:4: 1236 daAuts
     D:2: 937 daAuts
     D:1: 922 daAuts
     D:5: 409 daAuts
